 Dungeon Crawl Stone Soup version 0.30-a0-341-g682706514a (webtiles) character file.

Game seed: 5526950299755372054

161 tilp the Grave Robber (level 5, -3/38 HPs)
             Began as a Mummy Necromancer on Nov 2, 2022.
             Slain by a phantom (7 damage)
             ... on level 3 of the Dungeon.
             The game lasted 00:03:53 (3637 turns).

tilp the Grave Robber (Mummy Necromancer)           Turns: 3637, Time: 00:03:54

Health: -3/38      AC:  3    Str: 12    XL:     5   Next: 18%
Magic:  9/9        EV: 12    Int: 22    God:
Gold:   145        SH:  0    Dex: 12    Spells: 6/10 levels left

rFire   x . .      SeeInvis .    a - +1 dagger (venom)
rCold   + . .      Faith    +    (no shield)
rNeg    + + +      Spirit   .    d - +0 robe
rPois   ∞          Reflect  .    (no helmet)
rElec   .          Harm     .    i - +0 cloak
rCorr   .          Rampage  .    (no gloves)
Will    .....                    (no boots)
Stlth   ++........               (no amulet)
HPRegen 0.26/turn                e - +6 ring of intelligence
MPRegen 0.11/turn                (no ring)

@: no status effects
A: cold resistance 1, negative energy resistance 3, torment resistance 2, heat
vulnerability 1, in touch with death 1, no potions, faith
a: no special abilities


You were on level 3 of the Dungeon.
You visited 1 branch of the dungeon, and saw 4 of its levels.

You collected 145 gold pieces.

Inventory:

Hand Weapons
 a - a +1 dagger of venom (weapon)
 b - a +0 dagger
Missiles
 f - 18 stones
 g - 3 poisoned darts (quivered)
Armour
 d - a +0 robe (worn)
 i - a +0 cloak (worn)
Jewellery
 e - a +6 ring of intelligence (left hand)
Scrolls
 c - 4 scrolls of identify
 h - 2 scrolls of poison
 k - a scroll of amnesia
 l - a scroll of vulnerability


   Skills:
 - Level 2.0 Fighting
 - Level 2.0 Dodging
 - Level 2.0 Stealth
 - Level 3.0 Spellcasting
 * Level 5.6 Necromancy


You had 6 spell levels left.
You knew the following spells:

 Your Spells              Type           Power      Damage    Failure   Level
a - Necrotise             Necr           100%       1d9       1%          1
b - Vampiric Draining     Necr           42%        2d9       3%          3

Your spell library contained the following spells:

 Spells                   Type           Power      Damage    Failure   Level
 Animate Dead             Necr           42%        N/A       12%         4
 Agony                    Necr           42%        N/A       32%         5


Dungeon Overview and Level Annotations

Branches:
Dungeon (4/15)
 Temple: D:4-7

Altars:

Annotations:
D:3 3 runed translucent doors, sanka's ghost, amateur DrSu


Innate Abilities, Weirdness & Mutations

You are immune to poison.
Your flesh is cold resistant. (rC+)
You are immune to negative energy. (rN+++)
You are immune to unholy pain and torment.
You are vulnerable to heat. (rF-)
You are in touch with the powers of death.
You do not drink.
You have a special connection with the divine. (Faith)


Message History

The phantom is moderately damaged.
The phantom hits you.
* * * LOW HITPOINT WARNING * * *
You miss the phantom.
The phantom is moderately damaged.
The phantom hits you but does no damage.
You closely miss the phantom.
The phantom is moderately damaged.
The phantom hits you.
* * * LOW HITPOINT WARNING * * *
You hit the phantom but do no damage.
The phantom is moderately damaged.
The phantom hits you.
* * * LOW HITPOINT WARNING * * *
You barely miss the phantom.
The phantom is moderately damaged.
The phantom closely misses you.
You hit the phantom.
The phantom is heavily damaged.
The phantom hits you.
* * * LOW HITPOINT WARNING * * *
The phantom blinks!
You blink.
The phantom attacks as you move away!
The phantom hits you but does no damage.
Unknown command.
You hit the phantom.
The phantom is heavily damaged.
The phantom closely misses you.
You hit the phantom.
The phantom is severely damaged.
The phantom hits you.
* * * LOW HITPOINT WARNING * * *
You hit the phantom.
The phantom is severely damaged.
The phantom hits you.
* * * LOW HITPOINT WARNING * * *
You miss the phantom.
The phantom is severely damaged.
The phantom hits you!
You die...

.# ###8^.......^8#
## ####.....####
##.#..# ##.#.##
##....#
##############.....#
...................#
##############..W..#
##.@..#
############.#
#............#
#######.#.##########
...............#
8.............8#
######+++#######
#o.oW.........#
#(..o#####....#


You could see a phantom.

Vanquished Creatures
  An ogre (D:4)
  2 adders
  2 worms
  A dart slug (D:1)
  5 bats
  6 endoplasms
  3 giant cockroaches
  6 goblins
  2 hobgoblins (D:1)
  3 jackals (D:1)
  2 quokkas (D:1)
  5 ball pythons
  3 frilled lizards
  4 kobolds
  5 rats
50 creatures vanquished.

Vanquished Creatures (collateral kills)
  A jackal (D:1)
  A frilled lizard (D:2)
2 creatures vanquished.

Grand Total: 52 creatures vanquished

Notes
Turn   | Place    | Note
-------+----------+-------------------------------------------
     0 | D:1      | tilp the Mummy Necromancer began the quest for the Orb.
     0 | D:1      | Reached XP level 1. HP: 13/13 MP: 4/4
   345 | D:1      | Reached XP level 2. HP: 20/20 MP: 1/5
   529 | D:1      | Reached skill level 1 in Fighting
  1114 | D:1      | Gained mutation: You are in touch with the powers of death.
                  | [Mummy growth]
  1114 | D:1      | Reached XP level 3. HP: 26/26 MP: 2/7
  1118 | D:1      | Learned a level 3 spell: Vampiric Draining
  2294 | D:3      | Reached XP level 4. HP: 33/33 MP: 6/8
  2516 | D:3      | Found a faded altar of an unknown god.
  2550 | D:3      | Found a runed translucent gate.
  2551 | D:3      | Found a runed translucent gate.
  2551 | D:3      | Found a runed translucent gate.
  2551 | D:3      | Noticed sanka's ghost (amateur DrSu)
  3049 | D:4      | Noticed an ogre
  3058 | D:4      | Killed an ogre
  3059 | D:4      | Reached skill level 5 in Necromancy
  3059 | D:4      | Reached XP level 5. HP: 30/38 MP: 1/9
  3152 | D:4      | Noticed a phantom
  3192 | D:3      | HP: 1/38 [phantom (1)]
  3637 | D:3      | Slain by a phantom

Illustrated notes

Levels and vault maps discovered:
D:1:      spicycebolla_green_bress_n_ham_2, layout_basic
D:2:      layout_loops_ring, kennysheep_donut
D:3:      layout_loops_ring, shapermc_ecumenical_altar_mp_highgroup,
          biasface_ghost_orc_armoury
D:4:      layout_rooms, trog_book, minmay_checkerbox

Skill      XL: |  1  2  3  4 |
---------------+-------------+-----
Fighting       | 1 2 |  2.0
Spellcasting   | 3 |  3.0
Dodging        | 2 |  2.0
Stealth        | 2 |  2.0
Necromancy     | 5 |  5.6

Action                   |  1- 3 |  4- 6 || total
-------------------------+-------+-------++-------
Melee: Unarmed           |     1 |       ||     1
       Dagger            |    20 |    52 ||    72
       Punch             |     1 |       ||     1
Throw: Dart              |       |     3 ||     3
 Cast: Necrotise         |    72 |     8 ||    80
       Vampiric Draining |     1 |     2 ||     3
  Use: Scroll            |     2 |     3 ||     5
 Stab: Sleeping          |     2 |       ||     2
Armor: Robe              |     7 |    11 ||    18
Dodge: Dodged            |    21 |    22 ||    43

Table legend: (Time is in decaauts)
 A = Elapsed time spent in this place.
 B = Non-inter-level travel time spent in this place.
 C = Inter-level travel time spent in this place.
 D = Time resting spent in this place.
 E = Time spent auto-exploring this place.
 F = Levels seen in this place.
 G = Mean time per level.
                   A        B        C        D        E       F      G
               +--------+--------+--------+--------+--------+-----+--------+
         Total |   3637 |   3544 |     93 |    352 |   2780 |   4 |  909.2 |
       Dungeon |   3637 |   3544 |     93 |    352 |   2780 |   4 |  909.2 |
               +--------+--------+--------+--------+--------+-----+--------+

Top non-repeatable levels by time:
     D:1: 1390 daAuts
     D:3: 1328 daAuts
     D:2: 781 daAuts
     D:4: 135 daAuts
